 Dungeon Crawl Stone Soup version 0.30-a0-715-gdb4ae3ece1 (webtiles) character file.

Game seed: 7195402536000027990

60 testman the Stinger (level 3, 0/24 HPs)
             Began as a Demonspawn Venom Mage on Jan 24, 2023.
             Slain by a goblin
             ... wielding a +0 club
             ... led by Robin
              (3 damage)
             ... on level 2 of the Dungeon on Jan 25, 2023.
             The game lasted 00:06:39 (1489 turns).

testman the Stinger (Demonspawn Venom Mage)         Turns: 1489, Time: 00:06:39

Health: 0/24       AC:  2    Str:  8    XL:     3   Next: 82%
Magic:  5/7        EV: 12    Int: 20    God:
Gold:   105        SH:  0    Dex: 13    Spells: 1/7 levels left

rFire   . . .      SeeInvis .    g - staff of poison
rCold   . . .      Faith    .    (no shield)
rNeg    . . .      Spirit   .    a - +0 robe
rPois   +          Reflect  .    (no helmet)
rElec   .          Harm     .    (no cloak)
rCorr   .          Rampage  .    (no gloves)
Will    .....                    (no boots)
Stlth   ++                       (no amulet)
HPRegen 0.24/turn                (no ring)
MPRegen 0.10/turn                (no ring)

@: very slightly contaminated
A: big brain 1
a: no special abilities


You were on level 2 of the Dungeon.
You visited 1 branch of the dungeon, and saw 2 of its levels.

You collected 105 gold pieces.

Inventory:

Hand Weapons
 m - a +0 vampiric whip
Missiles
 c - 6 atropa-tipped darts
Armour
 a - a +0 robe (worn)
Magical Staves
 g - a staff of poison (weapon)
Scrolls
 d - a scroll of fog {unknown}
 e - 2 scrolls of fear {unknown}
 f - a scroll of summoning {unknown}
 h - a scroll of identify {unknown}
 i - 5 scrolls of teleportation {unknown}
 l - a scroll of noise {unknown}
 o - a scroll of brand weapon {unknown}
Potions
 j - a potion of degeneration {unknown}
 k - a potion of might {unknown}
 n - a potion of curing {unknown}


   Skills:
 - Level 1.7 Dodging
 - Level 1.7 Stealth
 + Level 2.7 Spellcasting
 + Level 0.2 Conjurations
 - Level 1.0 Transmutations
 + Level 1.5 Air Magic
 + Level 3.6 Poison Magic


You had one spell level left.
You knew the following spells:

 Your Spells              Type           Power      Damage    Failure   Level
a - Sting                 Tmut/Pois      72%        1d6       5%          1
b - Poisonous Vapours     Pois/Air       38%        N/A       8%          2
c - Mephitic Cloud        Conj/Pois/Air  15%        N/A       21%         3

Your spell library contained the following spells:

 Spells                   Type           Power      Damage    Failure   Level
 Kiss of Death            Conj/Necr      12%        2d6       14%         1
 Olgreb's Toxic Radiance  Pois           26%        N/A       32%         4
 Confusing Touch          Hex            2%         N/A       41%         3
 Dispel Undead            Necr           2%         3d7       82%         4


Dungeon Overview and Level Annotations

Branches:
Dungeon (2/15)

Altars:

Annotations:
D:2 Robin


Innate Abilities, Weirdness & Mutations

You have an unusually large brain. (Int +2)


Message History

Aiming: Sting (safe; 6% risk of failure)
Press: ? - help, Q - select action, (/) - cycle Shift-Dir - straight line, f - goblin, p - hobgoblin
Aim: a goblin, wielding a +0 club (strong, 67% to hit)
You feel a surge of power!
The sting misses the goblin.
You kill the hobgoblin!
The goblin hits you with a +0 club.
Aiming: Sting (safe; 6% risk of failure)
Press: ? - help, Q - select action, (/) - cycle Shift-Dir - straight line, f/p - goblin
Aim: a goblin, wielding a +0 club (strong, 67% to hit)
You feel a surge of power!
The sting hits the goblin.
The goblin is poisoned.
You kill the goblin!
Robin throws the goblin at you! The goblin hits you with a +0 club.
The goblin closely misses you.
Aiming: Sting (safe; 5% risk of failure)
Press: ? - help, Q - select action, (/) - cycle Shift-Dir - straight line, f - goblin
Aim: a goblin, wielding a +0 club (strong, 67% to hit)
You feel a surge of power!
The sting hits the goblin.
The goblin is poisoned.
You kill the goblin!
The hobgoblin shouts!
The goblin hits you with a +0 dagger. Magic courses through your body.
The goblin barely misses you.
A goblin comes into view. It is wielding a +0 dagger.
Aiming: Sting (safe; 5% risk of failure)
Press: ? - help, Q - select action, (/) - cycle Shift-Dir - straight line, f - goblin
Aim: a goblin, wielding a +0 dagger (strong, 67% to hit)
You feel a surge of power!
The sting hits the goblin.
The goblin is poisoned.
The goblin is heavily wounded.
The goblin hits you with a +0 dagger.
You hit the goblin.
You envenom the goblin.
You kill the goblin!
Robin throws the goblin at you! The goblin hits you with a +0 dagger.
* * * LOW HITPOINT WARNING * * *
Aiming: Sting (safe; 5% risk of failure)
Press: ? - help, Q - select action, (/) - cycle Shift-Dir - straight line, f - goblin
Aim: a goblin, wielding a +0 dagger (strong, 67% to hit)
You feel a surge of power!
You miscast Sting.
You are very lightly contaminated with residual magic.
Nothing appears to happen.
The goblin hits you with a +0 club.
You die... #....g... #.g......# ###### #.g.... .# ...... #..... .# #####. #.... .# ...... .gg

.# #####. #.# .#
### #.###.#####g#
..# #....g.ggg@)#
#.....#####.#######
.<#.## #.....#
....# #.....# ..##
#.....# (.# #.†...#
..# #####.....# ..#
#.........# #####
..###.###.....#
#...###


You could see Robin, a hobgoblin (strong) and 3 goblins.

Vanquished Creatures
  2 adders (D:2)
  A dart slug (D:2)
  3 bats
  5 endoplasms
  A giant cockroach (D:2)
  4 goblins (D:2)
  7 hobgoblins
  2 quokkas
  2 frilled lizards (D:1)
  4 kobolds
  8 rats
39 creatures vanquished.

Notes
Turn   | Place    | Note
-------+----------+-------------------------------------------
     0 | D:1      | testman the Demonspawn Venom Mage began the quest for the
                  | Orb.
     0 | D:1      | Reached XP level 1. HP: 13/13 MP: 3/3
   107 | D:1      | Reached skill level 1 in Transmutations
   248 | D:1      | Gained mutation: You have an unusually large brain. (Int
                  | +2) [demonic ancestry]
   248 | D:1      | Reached XP level 2. HP: 19/19 MP: 3/5
   251 | D:1      | Learned a level 2 spell: Poisonous Vapours
   843 | D:2      | Reached skill level 1 in Air Magic
   914 | D:2      | Reached XP level 3. HP: 24/24 MP: 3/6
  1265 | D:2      | Learned a level 3 spell: Mephitic Cloud
  1384 | D:2      | Noticed Robin
  1489 | D:2      | Slain by a goblin

Illustrated notes

Levels and vault maps discovered:
D:1:      dpeg_arrival_lava_altar, layout_rooms
D:2:      layout_basic, uniq_robin

Skill      XL: |  1  2 |
---------------+-------+-----
Transmutations | 1 |  1.0
Air Magic      | 1 |  1.5
Dodging        | |  1.7
Stealth        | |  1.7
Spellcasting   | |  2.7
Conjurations   | |  0.2
Poison Magic   | |  3.6

Action                     || total
---------------------------++-------
  Melee: Unarmed           ||    10
         Staff             ||    49
   Cast: Sting             ||    37
         Poisonous Vapours ||    16
    Use: Potion            ||     1
 Armour: Robe              ||    21
  Dodge: Dodged            ||    55

Table legend: (Time is in decaauts)
 A = Elapsed time spent in this place.
 B = Non-inter-level travel time spent in this place.
 C = Inter-level travel time spent in this place.
 D = Time resting spent in this place.
 E = Time spent auto-exploring this place.
 F = Levels seen in this place.
 G = Mean time per level.
                   A        B        C        D        E       F      G
               +--------+--------+--------+--------+--------+-----+--------+
         Total |   1498 |   1417 |     81 |     51 |   1071 |   2 |  749.0 |
       Dungeon |   1498 |   1417 |     81 |     51 |   1071 |   2 |  749.0 |
               +--------+--------+--------+--------+--------+-----+--------+

Top non-repeatable levels by time:
     D:1: 839 daAuts
     D:2: 658 daAuts
